 Dungeon Crawl Stone Soup version 0.30-a0-728-gc68057be0a (webtiles) character file.

Game seed: 13864953099501461117

1472 kae the Geomancer (level 8, 0/41 HPs)
             Began as a Gargoyle Earth Elementalist on Jan 30, 2023.
             Slain by a gnoll sergeant
             ... wielding a +0 spear
              (8 damage)
             ... on level 7 of the Dungeon.
             The game lasted 00:05:22 (5433 turns).

kae the Geomancer (Gargoyle Earth Elementalist)     Turns: 5433, Time: 00:05:23

Health: 0/41       AC:  7    Str: 12    XL:     8   Next: 78%
Magic:  2/15       EV: 16    Int: 18    God:
Gold:   811        SH:  0    Dex: 10    Spells: 6/16 levels left

rFire   . . .      SeeInvis .    (no weapon)
rCold   . . .      Faith    .    (no shield)
rNeg    + . .      Spirit   .    a - +0 robe
rPois   ∞          Reflect  .    (no helmet)
rElec   +          Harm     .    (no cloak)
rCorr   .          Rampage  .    (no gloves)
Will    +....                    (no boots)
Stlth   ++                       f - amulet of magic regeneration
HPRegen 0.26/turn                E - +5 ring of evasion
MPRegen 0.54/turn                r - ring of willpower

@: no status effects
A: sickness immunity, AC +5, negative energy resistance 1, electricity
resistance, torment resistance 1, petrification resistance
a: no special abilities


You were on level 7 of the Dungeon.
You visited 2 branches of the dungeon, and saw 8 of its levels.

You collected 811 gold pieces.


Innate Abilities, Weirdness & Mutations

You are immune to sickness and miasma.
Your stone body is resilient. (AC +5)
You are immune to poison.
You resist negative energy. (rN+)
You are resistant to electric shocks. (rElec)
You are resistant to unholy torment.
You are immune to petrification.


   Skills:
 - Level 1.5 Dodging
 - Level 2.1 Stealth
 + Level 4.8 Spellcasting
 * Level 6.6 Conjurations
 - Level 0.7 Transmutations
 * Level 9.2 Earth Magic


You had 6 spell levels left.
You knew the following spells:

 Your Spells              Type           Power      Damage    Failure   Level
a - Sandblast             Erth           74%        2d16      1%          1
b - Passwall              Tmut/Erth      18%        N/A       2%          2
c - Stone Arrow           Conj/Erth      64%        3d11      1%          3
d - Petrify               Tmut/Erth      22%        N/A       17%         4

Your spell library contained the following spells:

 Spells                   Type           Power      Damage    Failure   Level
 Beastly Appendage        Tmut           12%        N/A       10%         1
 Hailstorm                Conj/Ice       16%        3d6       11%         3
 Wereblood                Tmut           6%         N/A       16%         2
 Spider Form              Tmut/Pois      5%         N/A       34%         3
 Tukima's Dance           Hex            4%         N/A       38%         3
 Vhi's Electric Charge    Tloc/Air       8%         N/A       38%         3
 Arcjolt                  Conj/Air       8%         1d18      67%         5
 Ice Form                 Ice/Tmut       5%         N/A       75%         4
 Passage of Golubria      Tloc           4%         N/A       80%         4
 Yara's Violent Unravell  Hex/Tmut       2%         3d3       97%         5
 Simulacrum               Ice/Necr       2%         N/A       100%        6
 Maxwell's Capacitive Co  Air            2%         ∞         100%        8

Inventory:

Missiles
 j - 45 stones
 k - 25 poisoned darts
Armour
 a - a +0 robe (worn)
Magical Staves
 v - a staff of earth {!a}
   (You found it on level 5 of the Dungeon)
Jewellery
 f - an amulet of magic regeneration (around neck)
   (You found it on level 1 of the Dungeon)
 g - an amulet of regeneration
   (You found it on level 3 of the Dungeon)
 r - a ring of willpower (right hand)
   (You took it off a goblin on level 4 of the Dungeon)
 A - an amulet of the acrobat
   (You found it on level 4 of the Dungeon)
 E - a +5 ring of evasion (left hand)
   (You found it on level 4 of the Dungeon)
 F - a ring of fire
   (You found it on level 3 of the Dungeon)
 L - a ring of flight
   (You found it on level 6 of the Dungeon)
Wands
 h - a wand of polymorph (10)
   (You took it off Natasha on level 2 of the Dungeon)
 u - a wand of acid (14)
   (You found it on level 5 of the Dungeon)
 y - a wand of paralysis (18)
   (You found it on level 5 of the Dungeon)
 z - a wand of mindburst (8)
   (You found it on level 5 of the Dungeon)
Scrolls
 s - a scroll of enchant weapon
 t - 2 scrolls of poison
 w - a scroll of blinking {unknown}
 D - a scroll of teleportation {@r4}
Potions
 b - a potion of magic
 c - a potion of degeneration {!q}
 d - 2 potions of ambrosia {unknown}
 e - 3 potions of heal wounds {@q2}
 i - 2 potions of might {unknown}
 l - a potion of attraction {!q}
 m - a potion of lignification {unknown}
 n - a potion of cancellation {unknown}
 o - a potion of invisibility
 p - a potion of mutation {unknown}
 q - 2 potions of flight {unknown}
 x - a potion of berserk rage {unknown}

Dungeon Overview and Level Annotations

Branches:
Dungeon (7/15) Zot: 26771  Temple (1/1) D:5 Zot: 5784

Altars:
Ashenzari
Cheibriados
Dithmenos
Fedhas
Gozag
Hepliaklqana
Kikubaaqudgha
Makhleb
Nemelex Xobeh
Okawaru
Qazlal
Ru
Sif Muna
Trog
Uskayaw
Xom
Yredelemnul
Zin
The Shining One

Annotations:
D:6 3 runed translucent doors, rigao's ghost, novice GrCA

#.........# #...$.....#
#.........# #.........#
.# #.........#
.######........g########
..............ggg......#
.......................#
................@......#
................)......#
.......................#
.......................#
#.......######...).>####
#.......#....#...)).#
'.......#....'......#
#.......'....#......#
#.......##...#......#


You could see a gnoll sergeant and 3 gnolls.


Message History

You regained 5 mp, and now have 12/15 mp.
Things that are here:
a +0 dagger; a +0 robe; an orc corpse; 😕 HP[+1]
There is a stone staircase leading up here. 😕 MP[+1]
You see here a +1 vampiric hand axe. 😎 HP[+3] MP[+2]
Your hp is fully restored (41).
Your mp is fully restored (15).
Unknown command.
You see here a +0 dagger. 2 gnolls come into view.
Found an escape hatch in the ceiling.
Unknown command.
There are monsters nearby!
There are monsters nearby!
Casting: Stone Arrow (safe; 1% risk of failure)
Confirm with . or Enter, or press ? or * to list all spells.
You can't see any susceptible monsters within range! (Use Z to cast anyway.)
A gnoll sergeant and a gnoll come into view.
The gnoll is wielding a +2 whip of electrocution.
The gnoll sergeant shouts!
The gnoll shouts!
Casting: Stone Arrow (safe; 1% risk of failure)
Confirm with . or Enter, or press ? or * to list all spells.
You can't see any susceptible monsters within range! (Use Z to cast anyway.)
Casting: Stone Arrow (safe; 1% risk of failure)
Confirm with . or Enter, or press ? or * to list all spells.
You can't see any susceptible monsters within range! (Use Z to cast anyway.)
The gnoll shouts!
There is a stone staircase leading up here.
Casting: Stone Arrow (safe; 1% risk of failure)
Confirm with . or Enter, or press ? or * to list all spells.
You can't see any susceptible monsters within range! (Use Z to cast anyway.)
Casting: Stone Arrow (safe; 1% risk of failure)
Confirm with . or Enter, or press ? or * to list all spells.
You can't see any susceptible monsters within range! (Use Z to cast anyway.)
Casting: Stone Arrow (safe; 1% risk of failure)
Confirm with . or Enter, or press ? or * to list all spells.
Aiming: Stone Arrow (safe; 1% risk of failure)
Press: ? - help, Shift-Dir - straight line, f - gnoll sergeant
Aim: a gnoll sergeant, wielding a +0 spear, wearing a +0 ring mail and wearing a +0 kite shield (84% to hit)
The stone arrow misses the gnoll sergeant. 😎 MP[-3]
You lost 3 mp, and now have 12/15 mp.
Casting: Stone Arrow (safe; 1% risk of failure)
Confirm with . or Enter, or press ? or * to list all spells.
Aiming: Stone Arrow (safe; 1% risk of failure)
Press: ? - help, Shift-Dir - straight line, f/p - gnoll sergeant
Aim: a gnoll sergeant, wielding a +0 spear, wearing a +0 ring mail and wearing a +0 kite shield (84% to hit)
The stone arrow hits the gnoll sergeant! 😎 MP[-2]
You lost 2 mp, and now have 10/15 mp.
Casting: Stone Arrow (safe; 1% risk of failure)
Confirm with . or Enter, or press ? or * to list all spells.
Aiming: Stone Arrow (safe; 1% risk of failure)
Press: ? - help, Shift-Dir - straight line, f/p - gnoll sergeant
Aim: a gnoll sergeant, wielding a +0 spear, wearing a +0 ring mail and wearing a +0 kite shield (moderately wounded, 84% to hit)
The stone arrow hits the gnoll sergeant!
The gnoll hits you from afar with a +0 spear. x2
The gnoll sergeant misses you. 😕 HP[-8] MP[-2]
You take 8 damage, and now have 33/41 hp.
You lost 2 mp, and now have 8/15 mp.
Casting: Stone Arrow (safe; 1% risk of failure)
Confirm with . or Enter, or press ? or * to list all spells.
Aiming: Stone Arrow (safe; 1% risk of failure)
Press: ? - help, Shift-Dir - straight line, f/p - gnoll sergeant
Aim: a gnoll sergeant, wielding a +0 spear, wearing a +0 ring mail and wearing a +0 kite shield (almost dead, 84% to hit)
The gnoll sergeant blocks the stone arrow.
The gnoll hits you but does no damage.
The gnoll sergeant hits you from afar with a +0 spear!
The gnoll hits you from afar with a +0 spear!
* * * LOW HITPOINT WARNING * * *
😨 HP[-16] MP[-3]
You take 16 damage, and now have 17/41 hp.
MASSIVE DAMAGE!! (PAUSE)
You lost 3 mp, and now have 5/15 mp.
Casting: Stone Arrow (safe; 1% risk of failure)
Confirm with . or Enter, or press ? or * to list all spells.
Aiming: Stone Arrow (safe; 1% risk of failure)
Press: ? - help, Shift-Dir - straight line, f/p - gnoll sergeant
Aim: a gnoll sergeant, wielding a +0 spear, wearing a +0 ring mail and wearing a +0 kite shield (almost dead, 84% to hit)
The gnoll sergeant blocks the stone arrow.
The gnoll misses you. The gnoll completely misses you.
The gnoll sergeant hits you from afar with a +0 spear!
* * * LOW HITPOINT WARNING * * *
😱 HP[-8] MP[-2]
You take 8 damage, and now have 9/41 hp.
You lost 2 mp, and now have 3/15 mp.
Unknown command.
Casting: Stone Arrow (safe; 1% risk of failure)
Confirm with . or Enter, or press ? or * to list all spells.
Aiming: Sandblast (safe; 1% risk of failure)
Press: ? - help, Shift-Dir - straight line, f/p - gnoll sergeant
Aim: a gnoll sergeant, wielding a +0 spear, wearing a +0 ring mail and wearing a +0 kite shield (almost dead, 90% to hit)
The blast of sand hits the gnoll sergeant but does no damage.
The gnoll completely misses you.
The gnoll hits you from afar with a +0 spear.
* * * LOW HITPOINT WARNING * * *
The gnoll sergeant hits you from afar with a +0 spear!
You die...

Skill      XL: |  1  2  3  4  5  6  7  8 |
---------------+-------------------------+-----
Earth Magic    | 4 5 6 7 8 9 |  9.2
Conjurations   | 1 2 3 5 6 |  6.6
Spellcasting   | 3 4 |  4.8
Dodging        | |  1.5
Stealth        | |  2.1
Transmutations | |  0.7

Action                     |  1- 3 |  4- 6 |  7- 9 || total
---------------------------+-------+-------+-------++-------
  Melee: Unarmed           |     1 |     5 |       ||     6
   Cast: Sandblast         |    52 |    73 |    54 ||   179
         Stone Arrow       |       |       |    16 ||    16
    Use: Scroll            |     3 |     8 |     5 ||    16
 Armour: Robe              |     5 |     3 |     4 ||    12
         Skin              |       |     1 |       ||     1
  Dodge: Dodged            |    15 |    18 |    21 ||    54

Levels and vault maps discovered:
D:1:      amcnicky_arrival_single_pillar, layout_loops_corners
D:2:      layout_rooms, minmay_close_crescents, uniq_jessica, uniq_natasha
D:3:      layout_basic, regret_index_temple_of_mockery, nemelex_altar_shiori
D:4:      layout_loops_corners, grunt_temple_overflow_cloverleaf, uniq_edmund
D:5:      layout_gridville, mainiacjoe_overflow_tiny_flanked,
          lemuel_temple_firewalk_b, abandoned_shop, minmay_diced_spiral
D:6:      layout_basic, gammafunk_ghost_split, nicolae_underground_beach
D:7:      layout_gridville, lightli_orcish_oven
Temple:   minmay_temple_curvy_loop

Notes
Turn   | Place    | Note
-------+----------+-------------------------------------------
     0 | D:1      | kae the Gargoyle Earth Elementalist began the quest for the
                  | Orb.
     0 | D:1      | Reached XP level 1. HP: 10/10 MP: 3/3
     0 | D:1      | magus.rc [v1.11.3]
   184 | D:1      | Reached skill level 4 in Earth Magic
   184 | D:1      | Reached XP level 2. HP: 15/15 MP: 3/5
   516 | D:1      | Reached XP level 3. HP: 19/19 MP: 3/6
   521 | D:1      | Learned a level 2 spell: Passwall
   525 | D:1      | Learned a level 3 spell: Stone Arrow
  1042 | D:2      | Reached skill level 5 in Earth Magic
  1123 | D:2      | Reached XP level 4. HP: 23/24 MP: 5/8
  1197 | D:2      | Noticed Natasha
  1200 | D:2      | Noticed Jessica
  1205 | D:2      | Killed Natasha
  1206 | D:2      | Reached skill level 1 in Conjurations
  1207 | D:2      | Killed Jessica
  1208 | D:2      | Reached skill level 3 in Spellcasting
  1208 | D:2      | Reached XP level 5. HP: 23/28 MP: 6/9
  1482 | D:2      | Identified a scroll of acquirement
  1482 | D:2      | Acquired 494 gold pieces
  1499 | D:2      | Noticed Natasha
  1506 | D:2      | Killed Natasha
  1507 | D:2      | Reached skill level 2 in Conjurations
  1585 | D:2      | Noticed Natasha
  1594 | D:2      | Killed Natasha
  1595 | D:2      | Reached skill level 6 in Earth Magic
  2101 | D:3      | Reached XP level 6. HP: 32/32 MP: 8/10
  2180 | D:3      | Reached skill level 3 in Conjurations
  2337 | D:3      | Found a sparkling altar of Nemelex Xobeh.
  2650 | D:3      | Found a shimmering altar of Xom.
  2651 | D:3      | Found a hazy altar of Hepliaklqana.
  2652 | D:3      | Noticed a spectral ugly thing
  2999 | D:4      | Identified the +7 dagger of Ciroor {freeze, rN+ Will-
                  | Str+5}
  3028 | D:4      | You pick up a book of the Tundra and begin reading...
  3028 | D:4      | You add the spells Hailstorm, Ice Form and Simulacrum to
                  | your library.
  3150 | D:4      | Found a bloodstained altar of Trog.
  3165 | D:4      | Found an opulent altar of Gozag.
  3168 | D:4      | Found a blossoming altar of Fedhas.
  3177 | D:4      | Found a basalt altar of Yredelemnul.
  3417 | D:4      | Noticed Edmund
  3425 | D:4      | Killed Edmund
  3426 | D:4      | Reached skill level 7 in Earth Magic
  3426 | D:4      | Reached XP level 7. HP: 32/36 MP: 9/12
  3660 | D:4      | Learned a level 4 spell: Petrify
  3680 | D:5      | Entered Level 5 of the Dungeon
  3708 | D:5      | Found a burning altar of Makhleb.
  3835 | D:5      | Reached skill level 4 in Conjurations
  3862 | D:5      | You add the spells Vhi's Electric Charge, Arcjolt and
                  | Maxwell's Capacitive Coupling to your library.
  3973 | D:5      | Found a staircase to the Ecumenical Temple.
  3982 | Temple   | Entered the Ecumenical Temple
  4261 | D:5      | Reached skill level 4 in Spellcasting
  4328 | D:5      | Reached skill level 5 in Conjurations
  4328 | D:5      | Reached skill level 8 in Earth Magic
  4328 | D:5      | Reached XP level 8. HP: 33/41 MP: 12/14
  4627 | D:6      | Noticed rigao's ghost (novice GrCA)
  4628 | D:6      | You add the spells Tukima's Dance, Passage of Golubria and
                  | Yara's Violent Unravelling to your library.
  4711 | D:6      | You pick up a book of Changes and begin reading...
  4711 | D:6      | You add the spells Beastly Appendage, Wereblood and Spider
                  | Form to your library.
  4733 | D:6      | Noticed a wyvern
  4745 | D:6      | Killed a wyvern
  4874 | D:6      | Reached skill level 6 in Conjurations
  4922 | D:6      | Reached skill level 9 in Earth Magic
  4980 | D:6      | Found a runed translucent gate.
  4981 | D:6      | Found a runed translucent gate.
  4981 | D:6      | Found a runed translucent gate.
  5432 | D:7      | HP: 9/41 [gnoll sergeant/+0 spear (8)]
  5433 | D:7      | Slain by a gnoll sergeant

Vanquished Creatures
  A wyvern (D:6)
  Edmund (D:4)
  2 water moccasins (D:5)
  An orc warrior (D:6)
  A black bear (D:5)
  An ogre (D:5)
  A phantom (D:6)
  A necrophage (D:6)
  A jelly (D:4)
  5 orc priests
  Jessica (D:2)
  4 orc wizards
  Natasha (thrice) (D:2)
  An iguana (D:4)
  4 gnolls (D:3)
  7 adders
  A shadow imp (D:6)
  A white imp (D:3)
  2 worms (D:2)
  3 dart slugs
  19 orcs
  3 ball pythons
  2 endoplasms
  2 giant cockroaches
  7 goblins
  6 hobgoblins
  4 jackals (D:1)
  4 quokkas (D:1)
  6 bats
  5 frilled lizards
  4 kobolds
  9 rats
113 creatures vanquished.

Table legend:
 A = Non-vault XP
 B = Vault XP
 C = Vault XP percentage of total XP
 D = Non-vault monster count
 E = Vault monster count
 F = Vault count percentage of total count
                 A         B        C        D         E       F
            +---------+---------+-------+---------+---------+-------
      Total |    1730 |     373 |  17.7 |     104 |       9 |   8.0
            +---------+---------+-------+---------+---------+-------
        D:1 |      48 |       0 |   0.0 |      25 |       0 |   0.0
        D:2 |     132 |      81 |  38.0 |      19 |       6 |  24.0
        D:3 |     179 |       0 |   0.0 |      20 |       0 |   0.0
        D:4 |     101 |     166 |  62.2 |      12 |       1 |   7.7
        D:5 |     443 |     126 |  22.1 |       7 |       2 |  22.2
        D:6 |     669 |       0 |   0.0 |      16 |       0 |   0.0
        D:7 |     158 |       0 |   0.0 |       5 |       0 |   0.0
            +---------+---------+-------+---------+---------+-------

Illustrated notes

Table legend:
 A = Kills in this place as a percentage of kills in entire the game.
 B = Kills by you in this place as a percentage of kills by you in the entire game.
 C = Kills by friends in this place as a percentage of kills by friends in the entire game.
 D = Other kills in this place as a percentage of other kills in the entire game.
 E = Experience gained in this place as a percentage of experience gained in the entire game.
 F = Experience gained in this place divided by the number of levels of this place that you have seen.
                   A       B       C       D       E      F
               +-------+-------+-------+-------+-------+----------------------
         Total | 100.0 | 100.0 |   N/A |   N/A | 100.0 | 262.9
       Dungeon | 100.0 | 100.0 |   N/A |   N/A | 100.0 | 300.4
               +-------+-------+-------+-------+-------+----------------------

Table legend: (Time is in decaauts)
 A = Elapsed time spent in this place.
 B = Non-inter-level travel time spent in this place.
 C = Inter-level travel time spent in this place.
 D = Time resting spent in this place.
 E = Time spent auto-exploring this place.
 F = Levels seen in this place.
 G = Mean time per level.
                   A        B        C        D        E       F      G
               +--------+--------+--------+--------+--------+-----+--------+
         Total |   5521 |   5361 |    160 |    153 |   4446 |   8 |  690.1 |
       Dungeon |   5305 |   5168 |    137 |    153 |   4258 |   7 |  757.9 |
        Temple |    215 |    192 |     23 |      0 |    188 |   1 |  215.0 |
               +--------+--------+--------+--------+--------+-----+--------+

Top non-repeatable levels by time:
     D:1: 995 daAuts
     D:4: 963 daAuts
     D:2: 962 daAuts
     D:3: 824 daAuts
     D:5: 708 daAuts
     D:6: 707 daAuts
  Temple: 215 daAuts
     D:7: 144 daAuts
